 Dungeon Crawl Stone Soup version 0.17-a0-1625-g47e540b (webtiles) character file.

364 matakusis the Covert (level 6, -5/42 HPs)
             Began as a Vampire Enchanter on Aug 2, 2015.
             Slain by an ogre
             ... wielding a +0 giant club
              (24 damage)
             ... on level 4 of the Dungeon.
             The game lasted 00:24:33 (4328 turns).

matakusis the Covert (Vampire Enchanter)            Turns: 4328, Time: 00:24:33

Health: -5/42      AC:  5    Str:  7    XL:     6   Next: 39%
Magic:  16/19      EV: 14    Int: 17    God:
Gold:   147        SH:  0    Dex: 17    Spells: 3 memorised, 3 levels left

rFire  . . .     SeeInvis +     A - +5 dagger
rCold  + . .     Clarity  .     b - +1 robe
rNeg   + . .     SustAt   .     (no shield)
rPois  .         Gourm    .     y - +0 helmet
rElec  .         Spirit   .     (no cloak)
rCorr  .         Warding  +     m - +0 pair of gloves
rMut   .         Stasis   .     (no boots)
MR     .....                    i - amulet of warding
Stlth  +++++.....               j - ring of magical power
                                g - ring of protection from cold

@: regenerating quickly, not resistant to hostile enchantments, quite stealthy
A: fangs 3, see invisible, unbreathing
a: no special abilities


You were on level 4 of the Dungeon.
You were very full.

You visited 1 branch of the dungeon, and saw 4 of its levels.

You collected 147 gold pieces.

Inventory:

Hand weapons
 a - a +1 dagger
 r - a +0 long sword of electrocution
 A - a +5 dagger (weapon)
Armour
 b - a +1 robe (worn)
 m - a +0 pair of gloves (worn)
 v - a +2 plate armour of cold resistance
 y - a +0 helmet (worn)
Jewellery
 g - a ring of protection from cold (left hand)
 i - an amulet of warding (around neck)
 j - a ring of magical power (right hand)
 k - an uncursed ring of ice
 l - an uncursed ring of fire
Scrolls
 p - a scroll of remove curse
 s - a scroll of teleportation
Potions
 d - 17 potions of blood
 e - a potion of flight {unknown}
 f - 3 potions of heal wounds
 h - a potion of curing
 n - a potion of might
 o - a potion of ambrosia
 q - a potion of brilliance {unknown}
 t - a potion of poison {unknown}
 x - a potion of magic {unknown}
Books
 c - a book of Maledictions

   Spells                             Type                      Level
   a - Corona                         Hexes                        1
   b - Ensorcelled Hibernation        Hexes/Ice                    2
   c - Confuse                        Hexes                        3
   d - Tukima's Dance                 Hexes                        3
   e - Dazzling Spray                 Conjuration/Hexes            3
Comestibles
 u - 2 bread rations


   Skills:
 + Level 0.8 Fighting
 + Level 2.1 Short Blades
 + Level 3.3 Dodging
 * Level 8.6 Stealth
 + Level 2.7 Spellcasting
 + Level 5.5 Hexes


You had 3 spell levels left.
You knew the following spells:

 Your Spells              Type           Power        Failure   Level  Hunger
a - Corona                Hex            ###....      1%          1    #......
b - Confuse               Hex            ###.....     8%          3    ###....
c - Tukima's Dance        Hex            ###.....     8%          3    ###....


Dungeon Overview and Level Annotations

Branches:
Dungeon (4/15)
 Temple: D:4-7

Altars:
Fedhas
Kikubaaqudgha
Qazlal
Sif Muna
Trog
Xom


Innate Abilities, Weirdness & Mutations

Your natural rate of healing is unusually fast.
You have razor-sharp teeth.
You have supernaturally acute eyesight.
You can survive without breathing.


Message History

Found a blue potion.
You see here a hound corpse.
You bottle the corpse's blood.
d - 17 potions of blood (gained 1)
An ogre comes into view. It is wielding a giant club.
Found a glowing blue amulet.
You see here a blue potion.
t - a blue potion The ogre shouts!
The ogre hits you with a giant club!!
Ouch! That really hurt!
Casting: Confuse
Confirm with . or Enter, or press ? or * to list all spells.
Aiming: Confuse
Press: ? - help, Shift-Dir - straight line, f - ogre
Aim: an ogre, wielding a giant club (chance to defeat MR: 50%)
The ogre resists with significant effort.
The ogre hits you with a giant club!!
Ouch! That really hurt!
You die...

#.."..#
#.....#
#.....# #
#.....# #. ###
#.....#
#.##.#####.###
#.....## #.#
##.....###O#
#.......##@###
#............#
#........###.#
##>..>...# ...
### ##...####
### ..#
##.####### #.#
#.......# #.#
######...# ##.
.. #.### #
#...#.


You could see an ogre.

Vanquished Creatures
  An ogre (D:3)
  A hound (D:4)
  An orc wizard (D:2)
  Robin (D:3)
  5 adders
  2 gnolls
  4 worms
  4 orcs
  9 bats
  18 goblins
  7 hobgoblins
  4 kobolds
  2 quokkas
  A ball python (D:1)
  2 giant cockroaches
  2 giant geckos
  A giant newt (D:2)
  7 jackals
  7 rats
  2 fungi (D:2)
  A plant (D:3)
82 creatures vanquished.

Vanquished Creatures (collateral kills)
  An ogre (D:3)
1 creature vanquished.

Vanquished Creatures (others)
  A scorpion (D:4)
  2 gnolls (D:4)
  An adder (D:4)
4 creatures vanquished.

Grand Total: 87 creatures vanquished

Notes
Turn   | Place    | Note
--------------------------------------------------------------
     0 | D:1      | matakusis the Vampire Enchanter began the quest for the Orb.
     0 | D:1      | Reached XP level 1. HP: 13/13 MP: 3/3
   296 | D:1      | Reached XP level 2. HP: 16/19 MP: 5/5
   351 | D:1      | Reached skill level 5 in Stealth
   719 | D:1      | Reached XP level 3. HP: 22/24 MP: 6/6
   868 | D:1      | Learned a level 3 spell: Confuse
   932 | D:2      | Found a stormy altar of Qazlal.
   933 | D:2      | Found a blossoming altar of Fedhas.
  1845 | D:2      | Reached skill level 5 in Hexes
  2488 | D:2      | Reached skill level 6 in Stealth
  2498 | D:2      | Reached XP level 4. HP: 26/31 MP: 7/7
  2673 | D:2      | Learned a level 3 spell: Tukima's Dance
  2963 | D:3      | Noticed an ogre
  2965 | D:3      | Noticed an ogre
  2968 | D:3      | Killed an ogre
  2968 | D:3      | Reached skill level 7 in Stealth
  2968 | D:3      | Reached XP level 5. HP: 36/36 MP: 8/8
  2992 | D:3      | Killed an ogre
  2992 | D:3      | Reached skill level 8 in Stealth
  2992 | D:3      | Reached XP level 6. HP: 42/42 MP: 9/9
  3118 | D:3      | Found a deep blue altar of Sif Muna.
  3129 | D:3      | Found an ancient bone altar of Kikubaaqudgha.
  3330 | D:3      | Noticed Robin
  3428 | D:3      | Killed Robin
  4053 | D:3      | Found a bloodstained altar of Trog.
  4149 | D:4      | Found a shimmering altar of Xom.
  4328 | D:4      | Slain by an ogre

Vault maps used:
D:1:      sevenhm_arrival_forest_fort_large_4
D:2:      grunt_temple_overflow_forces_of_nature
D:3:      kiku_gazebo_garden_becter, nicolae_overflow_hidden_temple,
          lemuel_crystal_altar, first_bread, uniq_robin
D:4:      xom_confusion_cloud, serial_shops, shop

Action                   |  1- 3 |  4- 6 || total
-------------------------+-------+-------++-------
Melee: Dagger            |   327 |   181 ||   508
 Cast: Corona            |     2 |       ||     2
       Confuse           |     7 |     9 ||    16
       Tukima's Dance    |       |     2 ||     2
  Use: Potion            |    10 |     9 ||    19
       Scroll            |     2 |    11 ||    13
 Stab: Sleeping          |    15 |     5 ||    20
       Distracted        |     1 |     1 ||     2
       Confused          |     4 |     4 ||     8
